 Dungeon Crawl Stone Soup version 0.14-a0-1499-g388a102 (webtiles) character file.

214 HollowCharge the Slasher (level 4, -5/31 HPs)
             Began as a High Elf Skald on Dec 15, 2013.
             Slain by a wyvern (13 damage)
             ... on Level 3 of the Dungeon.
             The game lasted 00:13:22 (2511 turns).

HollowCharge the Slasher (High Elf Skald)           Turns: 2511, Time: 00:13:22

HP  -5/31        AC  3     Str 12      XL: 4   Next: 41%
MP  10/11        EV 10     Int 15      God:
Gold 118         SH  0     Dex 15      Spells:  3 memorised,  3 levels left

rFire  . . .     SeeInvis .     a - +0 elf falchion
rCold  . . .     Clarity  .     b - +0 elf leather armour
rNeg   . . .     Conserve .     (no shield)
rPois  .         rCorr    .     (no helmet)
rElec  .         rRot     .     (no cloak)
SustAb . .       Spirit   .     (no gloves)
rMut   .         Warding  .     (no boots)
Saprov . . .     Stasis   .     (no amulet)
                                l - ring of sustenance
                                g - ring of wizardry

@: slightly resistant to hostile enchantments, unstealthy
A: no striking features
a: no special abilities


You were on level 3 of the Dungeon.
You were not hungry.

You visited 1 branch of the dungeon, and saw 3 of its levels.

You collected 118 gold pieces.

Inventory:

Hand weapons
 a - a +0,+0 elven falchion (weapon)
Armour
 b - a +0 elven leather armour (worn)
 e - a +0 orcish ring mail
 k - a +0 leather armour
Magical devices
 j - a wand of heal wounds (0)
Comestibles
 d - 3 bread rations
 h - a honeycomb
Scrolls
 i - 2 scrolls of amnesia
 q - a scroll of curse jewellery {unknown}
 s - a scroll of enchant armour {unknown}
 t - a scroll of remove curse {unknown}
Jewellery
 g - a ring of wizardry (left hand)
 l - a ring of sustenance (right hand)
Potions
 f - a potion of restore abilities
 m - a potion of flight {unknown}
 n - a potion of degeneration {unknown}
 o - 2 potions of curing {unknown}
 p - a potion of mutation {unknown}
 r - a potion of cure mutation {unknown}
Books
 c - a book of Battle

   Spells                             Type                      Level
   *Infusion                          Charms                       1
   *Shroud of Golubria                Charms/Translocation         2
   *Song of Slaying                   Charms                       2
   Spectral Weapon                    Hexes/Charms                 3
   Regeneration                       Charms/Necromancy            3


   Skills:
 + Level 3.4 Fighting
 + Level 4.3 Long Blades
 - Level 0.8 Armour
 - Level 1.1 Dodging
 - Level 2.5 Spellcasting
 - Level 3.8 Charms


You had 3 spell levels left.
You knew the following spells:

 Your Spells              Type           Power        Failure   Level  Hunger
a - Infusion              Chrm           ##....       2%          1    #......
b - Song of Slaying       Chrm           ##......     3%          2    ##.....
c - Shroud of Golubria    Chrm/Tloc      #.........   5%          2    ##.....


Dungeon Overview and Level Annotations

Branches:
Dungeon (3/16)

Altars:
Nemelex Xobeh


Message History

You slash the giant cockroach!
You kill the giant cockroach!
There is a stone staircase leading down here.
Partly explored, can't reach some items.
Partly explored, can't reach some items.
You climb downwards.
A wyvern comes into view.
Found two items.
There is a stone staircase leading up here.
You now have 118 gold pieces (gained 7).
You see here a scroll labeled LODAOTT ETEIPOXT {tried on purple potion}.
Casting: Infusion
Confirm with . or Enter, or press ? or * to list all spells.
Your attacks are magically infused.
The wyvern bites you!
Ouch! That really hurt!
* * * LOW HITPOINT WARNING * * *
Zapping:
j - a wand of heal wounds {zapped: 6}
Press: ? - help, Shift-Dir - straight line, f - you Nothing appears to happen.
The wyvern bites you!
You die...

# #. ###
.##
#.##..
.D# .....
... #
...# #.##
#.#...
... ...#
#.#
#.#####.#
#@D?...<#
#########


You could see a wyvern.

Vanquished Creatures
  Ijyb (D:2)
  2 adders (D:2)
  A giant gecko (D:1)
  An ooze (D:2)
  5 giant cockroaches
  7 goblins
  7 hobgoblins
  2 jackals (D:1)
  7 kobolds
  10 bats
  4 giant newts
  4 rats
51 creatures vanquished.

Notes
Turn   | Place    | Note
--------------------------------------------------------------
     0 | D:1      | HollowCharge, the High Elf Skald, began the quest for the Orb.
     0 | D:1      | Reached XP level 1. HP: 14/14 MP: 4/4
    23 | D:1      | Found a sparkling altar of Nemelex Xobeh.
   405 | D:1      | Reached XP level 2. HP: 14/19 MP: 0/6
   721 | D:1      | Learned a level 2 spell: Song of Slaying
   724 | D:1      | Learned a level 2 spell: Shroud of Golubria
   821 | D:1      | Reached XP level 3. HP: 13/25 MP: 8/8
  1482 | D:2      | Noticed Ijyb
  1536 | D:2      | Killed Ijyb
  1882 | D:2      | Reached XP level 4. HP: 25/31 MP: 11/11
  2201 | D:2      | Reached skill level 4 in Long Blades
  2502 | D:3      | Noticed a wyvern
  2511 | D:3      | Slain by a wyvern

Action                   |  1- 3 |  4- 6 || total
-------------------------+-------+-------++-------
Melee: Falchion          |   148 |    29 ||   177
 Cast: Infusion          |    13 |     5 ||    18
       Shroud of Golubri |     2 |       ||     2
       Song of Slaying   |       |     1 ||     1
  Use: Scroll            |     6 |       ||     6
       Potion            |     1 |       ||     1
